 Dungeon Crawl Stone Soup version 0.28-b1-1-g3c77fb2ed1 (webtiles) character file.

Game seed: 14963312292539451662

37 pkoi the Chopper (level 3, 0/30 HPs)
             Began as a Minotaur Gladiator on Jan 28, 2022.
             Succumbed to an adder's poison
             ... on level 2 of the Dungeon.
             The game lasted 00:01:16 (708 turns).

pkoi the Chopper (Minotaur Gladiator)                Turns: 708, Time: 00:01:17

Health: 0/30       AC: 15    Str: 20    XL:     3   Next: 23%
Magic:  2/2        EV:  3    Int:  5    God:
Gold:   27         SH:  0    Dex: 11    Spells: 2/2 levels left

rFire   . . .      SeeInvis .   a - +0 war axe
rCold   . . .      Faith    .   (no shield)
rNeg    . . .      Spirit   .   g - +0 crystal plate armour
rPois   .          Reflect  .   c - +0 hat
rElec   .          Harm     .   (no cloak)
rCorr   .          Rampage  .   (no gloves)
Will    .....                   (no boots)
Stlth   ..........              (no amulet)
HPRegen 0.10/turn               (no ring)
MPRegen 0.08/turn               (no ring)

@: lethally poisoned (0 -> -5), slowed, very slow
A: horns 2, retaliatory headbutt
a: no special abilities


You were on level 2 of the Dungeon.
You visited 1 branch of the dungeon, and saw 2 of its levels.

You collected 27 gold pieces.

Inventory:

Hand Weapons
 a - a +0 war axe (weapon)
Missiles
 d - 4 throwing nets (quivered)
Armour
 b - a +0 leather armour
 c - a +0 hat (worn)
 g - a +0 crystal plate armour (worn)
Scrolls
 f - a scroll of identify


   Skills:
 - Level 2.7 Fighting
 * Level 4.7 Axes
 - Level 2.0 Throwing
 + Level 1.7 Armour
 - Level 3.2 Dodging


You had 2 spell levels left.
You didn't know any spells.
Your spell library was empty.

Dungeon Overview and Level Annotations

Branches:
Dungeon (2/15)

Altars:


Innate Abilities, Weirdness & Mutations

You have a pair of horns on your head.
You reflexively headbutt those who attack you in melee.


Message History

You slash the hobgoblin!
You kill the hobgoblin!
You closely miss the adder. The adder bites you. Natasha claws you.
The adder bites you.
You are poisoned.
The adder poisons you! Natasha claws you but does no damage.
The adder bites you but does no damage.
Unknown command.
Unknown command.
You closely miss Natasha. Your headbutt misses Natasha.
Natasha is severely wounded.
You hit the adder.
You feel very sick. Natasha claws you. The adder bites you but does no damage.
Natasha claws you but does no damage. The adder bites you but does no damage.
Unknown command.
Unknown command.
Unknown command.
You slash Natasha!
You kill Natasha!
Natasha growls in agony!
You hit the adder.
You feel sick. The adder bites you but does no damage. The adder bites you.
* * * LOW HITPOINT WARNING * * *
The adder bites you but does no damage.
You have reached level 3!
Your experience leads to an increase in your attributes!
Increase (S)trength, (I)ntelligence, or (D)exterity?
You feel stronger. x2
You aren't carrying any potions.
As you read the scroll labelled IMENKU RUOT, it crumbles to dust.
The scroll dissolves into smoke.
It was a scroll of fog.
You feel sick. The adder bites you.
* * * LOW HITPOINT WARNING * * *
You are lethally poisoned!
The adder poisons you! The adder bites you but does no damage.
As you read the scroll labelled YRGHOCR OCEUDO, it crumbles to dust.
It is a scroll of identify.
You don't have any unidentified items.
You die...

#### ### .# ..#
####.+...# ..# #....#...
... ###....#.. #####.##
#§+§§..#.## ...#..#
######§#§§..#.##.##.#..#
.....§§@##....##.#...<..
......S§+..........[....
.....§§.##.#.....#......
........##....####......
#.......................
#........###############
#........ #........# ###


You could see an adder.

Vanquished Creatures
  Natasha (D:2)
  3 endoplasms (D:1)
  A giant cockroach (D:2)
  3 hobgoblins
  A quokka (D:1)
  2 ball pythons (D:1)
  A frilled lizard (D:2)
  2 kobolds (D:1)
14 creatures vanquished.

Notes
Turn   | Place    | Note
-------+----------+-------------------------------------------
     0 | D:1      | pkoi the Minotaur Gladiator began the quest for the Orb.
     0 | D:1      | Reached XP level 1. HP: 18/18 MP: 0/0
   386 | D:1      | Reached skill level 4 in Axes
   386 | D:1      | Reached XP level 2. HP: 24/25 MP: 1/1
   555 | D:1      | Reached skill level 1 in Armour
   700 | D:2      | Noticed Natasha
   706 | D:2      | Killed Natasha
   707 | D:2      | Reached XP level 3. HP: 5/30 MP: 2/2
   708 | D:2      | Succumbed to an adder's poison

Illustrated notes

Levels and vault maps discovered:
D:1:      amcnicky_arrival_choice, layout_loops_cross
D:2:      layout_basic, shapermc_ecumenical_altar_acropolis, uniq_terence,
          uniq_crazy_yiuf_cottage, uniq_natasha

Skill      XL: |  1  2 |
---------------+-------+-----
Axes           | 4 |  4.7
Armour         | 1 |  1.7
Fighting       | |  2.7
Throwing       | |  2.0
Dodging        | |  3.2

Action                   || total
-------------------------++-------
Melee: War axe           ||    29
       Headbutt          ||     2
       Punch             ||     1
  Use: Scroll            ||     2
Armor: Leather armour    ||     2
       Crystal plate arm ||    30
Dodge: Dodged            ||     8
